Map: Cyber Forest LE

Players

SpeCial - Winner!

  • Race: Terran Terran
  • Spawn Location: 5:00

Nerchio

  • Race: Zerg Zerg
  • Spawn Location: 11:00

Event: 2019 WCS Summer

VOD

Have the link to the VOD?

Description

Time

  • Played on: July 12, 2019, 1:33 p.m.
  • Length: 14:47

All games in this series

Show
View Real Time Build Order
Export as new Build Order

SpeCial Terran - Winner!

Build Orders: Gas First Reaper Expand, Banshee Rush 

Get SALT Encoding   

  12  0:00  SCV  
  13  0:13  SCV  
  14  0:17  Supply Depot  
  14  0:25  SCV  
  14  0:28  Refinery  
  15  0:38  SCV  
  16  0:44  Barracks  
  16  0:50  SCV  
  17  1:02  SCV  
  18  1:15  SCV  
  19  1:32  Reaper  
  21  1:33  Orbital Command  
  20  1:43  Command Center  
  20  1:53  Factory  
  20  1:58  SCV  
  21  2:05  Barracks Reactor  
  21  2:10  SCV  
  21  2:13  Supply Depot  
  22  2:16  Refinery  
  23  2:22  SCV  
  23  2:35  SCV  
  24  2:42  Marine x2  
  26  2:44  Starport  
  26  2:47  SCV  
  27  2:53  Factory Tech Lab  
  27  2:59  SCV  
  28  3:08  Orbital Command  
  28  3:11  SCV  
  29  3:18  Hellion x2  
  33  3:23  SCV  
  34  3:27  Cloaking Field  
  34  3:31  Banshee  
  37  3:35  SCV x2  
  39  3:45  Supply Depot  
  39  3:47  SCV x2  
  41  3:49  Hellion  
  41  3:51  Hellion  
  45  3:58  Barracks Tech Lab  
  45  3:59  SCV  
  46  4:07  SCV  
  46  4:09  Supply Depot  
  47  4:14  Banshee  
  50  4:17  Marine  
  50  4:18  SCV  
  50  4:19  SCV  
  50  4:23  Stimpack  
  53  4:24  Factory Reactor  
  53  4:26  Barracks  
  53  4:31  SCV x2, Barracks  
  55  4:34  Supply Depot  
  55  4:35  Marine  
  56  4:43  SCV x2  
  58  4:48  Bunker  
  58  4:53  Marine  
  58  4:55  Supply Depot  
  58  4:57  Banshee  
  58  4:58  Supply Depot  
  60  5:09  SCV  
  60  5:10  Marine  
  60  5:12  Hellion x2  
  39  5:24  Marine  
  40  5:28  Marine  
  43  5:38  SCV  
  40  5:43  Banshee  
  37  6:04  Marine x3, Orbital Command  
  37  6:05  SCV  
  41  6:12  Marine  
  41  6:13  Marine  
  41  6:18  SCV  
  44  6:22  Marine x2  
  46  6:30  SCV  
  48  6:32  SCV  
  48  6:34  Marine  
  48  6:35  Marine  
  48  6:36  Marine  
  51  6:40  Marine  
  51  6:42  SCV  
  51  6:44  Marine  
  54  6:48  Supply Depot  
  54  6:52  Marine  
  54  6:53  Orbital Command  
  56  6:54  SCV  
  56  6:59  Marine x2  
  56  7:00  Marine  
  59  7:04  Medivac  
  59  7:06  SCV  
  62  7:12  Marine  
  62  7:15  Marine  
  64  7:18  Marine, SCV  
  66  7:25  SCV  
  66  7:28  Combat Shield  
  67  7:32  Marine  
  67  7:35  SCV  
  69  7:43  Marine  
  70  7:51  SCV, Medivac  
  70  8:03  Marine x2, SCV  
  70  8:04  Marine x2  
  75  8:07  Marine  
  75  8:08  SCV  
  77  8:15  SCV  
  72  8:20  SCV  
  72  8:21  Marine x2  
  72  8:22  Marine  
  63  8:27  SCV  
  63  8:30  Marine  
  63  8:31  Marine  
  63  8:32  SCV  
  57  8:39  SCV  
  57  8:40  Marine x2  
  60  8:41  Marine  
  61  8:52  Siege Tank  
  64  8:59  Marine x2  
  64  9:00  Marine x2  
  68  9:08  Medivac  
  70  9:11  Marine  
  70  9:13  SCV  
  70  9:15  SCV  
  73  9:17  Marine x2  
  75  9:29  Marine  
  70  9:32  Marine x2  
  70  9:35  Siege Tank  
  70  9:37  SCV x2  
  76  9:38  Medivac  
  76  9:41  Supply Depot  
  78  9:57  SCV x2  
  78  10:00  Marine x2  
  78  10:02  Marine x2  
  69  10:09  Marine  
  69  10:13  SCV x2  
  69  10:16  Supply Depot  
  69  10:18  Marine x2  
  69  10:19  Medivac  
  73  10:26  Marine x2, Siege Tank  
  77  10:33  Marine  
  73  10:35  Marine  
  73  10:36  Marine  
  73  10:37  Engineering Bay  
  75  10:44  Marine x2  
  77  10:51  Marine  
  77  10:52  Starport Reactor  
  77  10:53  Marine  
  79  11:03  Supply Depot  
  79  11:04  Terran Infantry Weapons Level 1  
  79  11:06  Marine, Command Center  
  79  11:08  Marine  
  81  11:11  Marine  
  81  11:14  SCV x2  
  84  11:19  Marine x2  
  84  11:25  Siege Tank  
  89  11:27  SCV x2, Supply Depot  
  89  11:30  Marine x2  
  89  11:32  Marine  
  94  11:37  Marine x2  
  94  11:39  SCV  
  97  11:42  SCV  
  98  11:48  Marine  
  98  11:51  SCV  
  100  11:57  Barracks x2  
  99  12:02  SCV  
  99  12:04  SCV  
  99  12:05  Siege Tank  
  99  12:06  Supply Depot  
  104  12:11  Medivac  
  104  12:12  Medivac  
  107  12:17  Marine  
  107  12:18  Marine  
  107  12:21  Orbital Command  
  109  12:28  Liberator x2  
  109  12:36  SCV x2  
  111  12:40  Marine  
  111  12:41  Bunker  
  112  12:44  Barracks Reactor x2  
  112  12:46  Marine x3  
  112  12:47  Marine  
  122  12:56  SCV x2  
  124  13:01  Marine  
  110  13:06  Marine x2  
  110  13:07  Siege Tank  
  115  13:13  Missile Turret  
  115  13:14  Marine  
  115  13:15  Missile Turret  
  115  13:17  Marine  
  115  13:19  Marine  
  118  13:24  Marine x2  
  118  13:25  Refinery, Missile Turret  
  118  13:26  Refinery  
  120  13:28  Marine x3  
  120  13:29  Marine  
  120  13:32  Marine  
  125  13:34  SCV x3  
  125  13:38  Marine  
  125  13:39  Marine  
  129  13:41  Marine  
  129  13:42  Marine  
  129  13:46  SCV x2, Supply Depot  
  129  13:48  Supply Depot  
  133  13:55  Supply Depot  
  133  14:01  Marine  
  133  14:05  Supply Depot  
  133  14:08  Marine x8  
  141  14:13  Engineering Bay  
  141  14:15  Armory  
  144  14:19  Marine  
  145  14:25  Marine x2  
  145  14:27  Marine x4  
  153  14:35  Barracks  
Show
View Real Time Build Order
Export as new Build Order

Nerchio Zerg 

Build Orders: Hatch First 

Get SALT Encoding   

  12  0:00  Drone  
  13  0:12  Overlord  
  13  0:16  Drone  
  14  0:30  Drone x2  
  16  0:48  Hatchery  
  15  0:50  Drone  
  15  0:55  Drone  
  17  0:58  Drone  
  18  1:09  Extractor  
  17  1:14  Spawning Pool  
  17  1:17  Drone  
  17  1:20  Drone  
  18  1:28  Drone  
  19  1:38  Overlord  
  19  1:49  Drone  
  20  2:01  Queen x2  
  22  2:02  Zergling x4  
  26  2:09  Metabolic Boost  
  26  2:12  Drone  
  26  2:13  Drone  
  28  2:21  Drone  
  28  2:22  Drone  
  30  2:27  Extractor  
  29  2:32  Drone  
  29  2:33  Drone  
  30  2:39  Queen  
  30  2:44  Overlord  
  32  2:46  Drone  
  33  2:53  Drone  
  33  2:54  Drone  
  35  3:04  Lair  
  35  3:05  Drone x2  
  36  3:14  Zergling x4  
  39  3:22  Hatchery  
  37  3:30  Zergling x2  
  37  3:31  Zergling x4  
  40  3:39  Overlord  
  40  3:44  Overlord  
  39  3:58  Zergling x8  
  43  4:03  Nydus Network, Queen  
  43  4:04  Queen  
  43  4:06  Zergling x2  
  43  4:07  Zergling x2  
  48  4:14  Zergling x2  
  48  4:15  Overlord  
  49  4:17  Zergling x4  
  51  4:29  Overlord x2  
  51  4:39  Zergling x10  
  51  4:42  Nydus Canal  
  56  4:46  Queen  
  56  4:52  Zergling x6  
  61  4:53  Zergling x2  
  61  5:02  Zergling x4  
  61  5:04  Spore Crawler, Zergling x2  
  54  5:07  Zergling x2  
  54  5:09  Zergling x2  
  51  5:17  Zergling x4  
  51  5:18  Zergling x2  
  46  5:21  Drone  
  46  5:24  Nydus Canal  
  46  5:27  Overseer  
  40  5:30  Drone  
  40  5:33  Drone  
  42  5:37  Drone  
  41  5:44  Drone x2  
  41  5:45  Drone  
  41  5:49  Spore Crawler  
  43  5:52  Drone  
  41  6:00  Drone x2  
  41  6:03  Drone  
  41  6:09  Drone x2  
  41  6:11  Drone x2  
  44  6:16  Drone x3  
  47  6:24  Queen  
  48  6:25  Overseer  
  48  6:28  Drone  
  48  6:30  Drone  
  50  6:34  Drone x2  
  52  6:40  Queen  
  52  6:42  Drone x2  
  52  6:44  Drone  
  52  6:45  Drone  
  52  6:46  Drone  
  59  6:50  Drone x2  
  61  6:55  Baneling Nest  
  61  6:59  Spore Crawler  
  61  7:00  Queen  
  61  7:05  Drone  
  61  7:06  Drone x2  
  61  7:07  Drone  
  65  7:12  Queen  
  65  7:13  Extractor  
  66  7:19  Zergling x10  
  71  7:26  Spire  
  71  7:28  Zergling x4  
  72  7:35  Zergling x10  
  72  7:37  Zergling x2  
  77  7:43  Overlord  
  74  7:54  Zergling x6  
  74  7:56  Zergling x2  
  74  7:57  Zergling x2  
  68  8:05  Zergling x2  
  71  8:10  Baneling x8  
  71  8:12  Zergling x8  
  67  8:17  Zergling x2  
  67  8:18  Zergling x2  
  62  8:29  Zergling x4  
  62  8:30  Hatchery  
  62  8:32  Queen x2  
  65  8:38  Centrifical Hooks  
  65  8:39  Baneling, Zergling x2  
  65  8:40  Baneling x3  
  66  8:44  Zergling x2  
  67  8:49  Zergling x2  
  67  8:51  Baneling x2  
  67  8:52  Baneling  
  68  9:00  Zergling x2  
  68  9:01  Zergling x2  
  69  9:13  Zergling x10  
  74  9:18  Baneling x2  
  73  9:26  Zergling x4  
  70  9:33  Queen x2  
  70  9:35  Zergling x4  
  76  9:39  Evolution Chamber  
  76  9:42  Overlord  
  76  9:44  Queen  
  77  9:50  Evolution Chamber  
  76  9:53  Baneling x3  
  76  9:54  Zergling x8  
  80  10:06  Zergling x8  
  71  10:10  Queen x2  
  73  10:25  Zergling x4  
  73  10:26  Zergling x8  
  74  10:30  Zergling x2  
  74  10:31  Zerg Ground Armor Level 1, Zergling x4  
  74  10:32  Zerg Melee Weapons Level 1  
  75  10:43  Baneling x6  
  75  10:44  Zergling x2  
  75  10:45  Zergling x4  
  78  10:50  Zergling x4  
  80  10:57  Overlord  
  80  11:06  Queen  
  80  11:07  Queen x2  
  86  11:12  Drone x3  
  86  11:14  Overlord x4  
  86  11:15  Hatchery  
  88  11:21  Baneling x3  
  88  11:31  Drone x6  
  94  11:41  Baneling x4  
  94  11:43  Hatchery  
  87  12:01  Drone  
  87  12:02  Drone x7  
  87  12:03  Drone  
  96  12:12  Queen  
  96  12:13  Queen  
  96  12:14  Queen  
  100  12:16  Zerg Flyer Weapons Level 1  
  100  12:17  Extractor  
  100  12:18  Extractor x2  
  100  12:22  Zergling x6  
  98  12:43  Overlord  
  98  12:45  Mutalisk x6  
  98  12:50  Drone x8  
  118  13:05  Zergling x14  
  104  13:09  Zergling x2  
  104  13:12  Zergling x2  
  108  13:13  Baneling x3  
  108  13:16  Zergling x2  
  110  13:20  Zergling x4  
  110  13:26  Zergling x2  
  112  13:29  Zergling x2  
  112  13:30  Zergling x8  
  117  13:40  Zergling x6  
  120  13:43  Baneling x6  
  120  13:44  Hatchery  
  120  13:47  Overlord x2  
  119  13:58  Baneling x14  
  119  13:59  Drone x4  
  123  14:16  Zergling x22  
  134  14:22  Overlord  
Tags
 
Add a new tag
Caveats
  • Supply blocks, unpowered buildings, or Contaminate may cause inaccurate times.
  • Supply counts are checked every 10 seconds.